 Dungeon Crawl Stone Soup version 0.28.0-53-g5a82cb258f (webtiles) character file.

Game seed: 7177212207652913391

112 Sin92 the Covered (level 4, -5/40 HPs)
             Began as a Minotaur Fighter on June 7, 2022.
             Slain by Natasha (6 damage)
             ... on level 3 of the Dungeon.
             The game lasted 00:01:41 (2513 turns).

Sin92 the Covered (Minotaur Fighter)                Turns: 2513, Time: 00:01:42

Health: -5/40      AC:  7    Str: 21    XL:     4   Next: 64%
Magic:  3/3        EV:  9    Int:  5    God:
Gold:   126        SH:  4    Dex: 11    Spells: 3/3 levels left

rFire   . . .      SeeInvis .   a - +0 war axe
rCold   . . .      Faith    .   c - +0 buckler
rNeg    . . .      Spirit   .   b - +0 scale mail
rPois   .          Reflect  .   (helmet restricted)
rElec   .          Harm     .   (no cloak)
rCorr   .          Rampage  .   (no gloves)
Will    .....                   (no boots)
Stlth   ..........              (no amulet)
HPRegen 0.13/turn               (no ring)
MPRegen 0.08/turn               (no ring)

@: no status effects
A: horns 2, retaliatory headbutt
a: no special abilities


You were on level 3 of the Dungeon.
You visited 1 branch of the dungeon, and saw 3 of its levels.

You collected 126 gold pieces.

Inventory:

Hand Weapons
 a - a +0 war axe (weapon)
Armour
 b - a +0 scale mail (worn)
 c - a +0 buckler (worn)
 h - a +0 cloak
Jewellery
 m - the ring "Kamoruw" {rElec rF+ Int+4 Dex+6}
   (You found it on level 2 of the Dungeon)

   [ring of dexterity]

   Int:       It affects your intelligence (+4).
   Dex:       It affects your dexterity (+6).
   rF:        It protects you from fire.
   rElec:     It insulates you from electricity.
Scrolls
 e - 4 scrolls of identify {unknown}
 f - a scroll of fog {unknown}
 g - 2 scrolls of teleportation {unknown}
 l - a scroll of fear {unknown}
 n - a scroll of magic mapping {unknown}
 q - a scroll of immolation {unknown}
Potions
 d - 2 potions of might
 i - a potion of curing {unknown}
 j - 2 potions of heal wounds {unknown}
 k - 2 potions of lignification {unknown}
 o - a potion of flight {unknown}
 p - a potion of magic {unknown}
 r - a potion of haste {unknown}


   Skills:
 + Level 4.2 Fighting
 * Level 4.0 Axes
 + Level 4.2 Armour
 + Level 1.6 Dodging
 + Level 4.2 Shields


You had 3 spell levels left.
You didn't know any spells.
Your spell library contained the following spells:

 Spells                   Type           Power      Damage    Failure   Level
 Gell's Gravitas          Tloc           0%         N/A       99%         3
 Teleport Other           Tloc           0%         N/A       99%         3
 Dispersal                Tloc           0%         N/A       100%        6


Dungeon Overview and Level Annotations

Branches:
Dungeon (3/15)

Altars:

Annotations:
D:3 Natasha


Innate Abilities, Weirdness & Mutations

You have a pair of horns on your head.
You reflexively headbutt those who attack you in melee.


Message History

Natasha is heavily wounded.
Natasha claws you but does no damage.
Natasha hisses.
You block Natasha's attack.
You closely miss Natasha.
Natasha is heavily wounded.
You block Natasha's attack.
You closely miss Natasha.
Natasha is heavily wounded.
Natasha claws you.
You hit Natasha but do no damage. Your headbutt misses Natasha.
Natasha is heavily wounded.
Natasha stares at you and mumbles some strange words.
The magic dart hits you but does no damage.
Natasha claws you.
You hit Natasha. Your headbutt misses Natasha.
Natasha is severely wounded.
Natasha claws you but does no damage.
You closely miss Natasha.
Natasha is severely wounded.
Natasha casts a spell at you. The magic dart hits you!
* * * LOW HITPOINT WARNING * * *
You barely miss Natasha. Your headbutt misses Natasha.
Natasha is severely wounded.
Natasha claws you.
* * * LOW HITPOINT WARNING * * *
Natasha claws you.
* * * LOW HITPOINT WARNING * * *
You closely miss Natasha.
Natasha is severely wounded.
Natasha claws you.
* * * LOW HITPOINT WARNING * * *
You barely miss Natasha. Your headbutt misses Natasha.
Natasha is severely wounded.
Natasha barely misses you. You furiously retaliate!
You headbutt Natasha. You closely miss Natasha.
Natasha is severely wounded.
Natasha claws you.
You die...

# ## .#### ....# ##############
....# #............# ....#
#.##########.#
.#.######.##########.###
##.....................##########
...............h@.)....##........
...............#.###...##.#######
.######.#.####.#.# #...##.# ## .#
#....#.# #.#.###...##.# #. .#
#.####.# #.#........#.######. .#
#.# #[# #.#####....>........ .#
#.# #.####.#####......######. .#
#.# #.................# #. .# #.#
####...######....)#######


You could see Natasha.

Vanquished Creatures
  Natasha (twice) (D:3)
  2 adders
  A worm (D:3)
  A dart slug (D:2)
  An orc (D:3)
  An endoplasm (D:2)
  3 giant cockroaches
  3 goblins
  4 hobgoblins
  7 kobolds
  5 quokkas
  4 ball pythons
  3 bats
  3 frilled lizards
  3 rats
43 creatures vanquished.

Notes
Turn   | Place    | Note
-------+----------+-------------------------------------------
     0 | D:1      | Sin92 the Minotaur Fighter began the quest for the Orb.
     0 | D:1      | Reached XP level 1. HP: 19/19 MP: 0/0
    28 | D:1      | Found a faded altar of an unknown god.
   351 | D:1      | Reached XP level 2. HP: 23/27 MP: 1/1
   946 | D:2      | Reached XP level 3. HP: 33/33 MP: 2/2
   964 | D:2      | Reached skill level 1 in Dodging
  1350 | D:2      | Identified the ring "Kamoruw" {rElec rF+ Int+4 Dex+6}
  1962 | D:3      | Noticed Natasha
  1972 | D:3      | Killed Natasha
  1973 | D:3      | Reached XP level 4. HP: 16/40 MP: 3/3
  2306 | D:3      | Noticed Natasha
  2317 | D:3      | Killed Natasha
  2497 | D:3      | Noticed Natasha
  2511 | D:3      | HP: 1/40 [Natasha (3)]
  2513 | D:3      | Slain by Natasha

Illustrated notes

Levels and vault maps discovered:
D:1:      minmay_arrival_shattered_statue, layout_basic,
          dreamdust_ecumenical_altar_statues
D:2:      layout_basic, serial_rivers, chequers_serial_rivers_small_3,
          chequers_serial_rivers_micro_d, chequers_serial_rivers_marsh,
          chequers_serial_rivers_room_b
D:3:      layout_loops_ring, uniq_natasha

Skill      XL: |  1  2  3  4 |
---------------+-------------+-----
Axes           | 3 4 |  4.0
Dodging        | 1 |  1.6
Armour         | 4 |  4.2
Shields        | 4 |  4.2
Fighting       | 4 |  4.2

Action                   |  1- 3 |  4- 6 || total
-------------------------+-------+-------++-------
Melee: War axe           |    90 |    25 ||   115
       Headbutt          |    12 |     1 ||    13
Armor: Scale mail        |    35 |     9 ||    44
Dodge: Dodged            |    39 |    12 ||    51
Block: Buckler           |    19 |     5 ||    24
